 Dungeon Crawl Stone Soup version 0.32-a0-814-g0968bab981 (webtiles) character file.

Game seed: 6287352345974986851

271 croobank the Firebug (level 6, -8/48 HPs)
             Began as a Mountain Dwarf Fire Elementalist on Mar 22, 2024.
             Killed by divine providence
             ... invoked by an orc priest
              (14 damage)
             ... on level 3 of the Dungeon.
             The game lasted 00:08:08 (3075 turns).

croobank the Firebug (MDFE)                         Turns: 3075, Time: 00:08:09

Health: -8/48      AC:  2    Str: 10    XL:     6   Next: 2%
Magic:  10/10      EV: 11    Int: 18    God:
Gold:   166        SH:  0    Dex: 10    Spells: 4/10 levels left

rFire   . . .        p - +3 dagger
rCold   . . .        (no shield)
rNeg    . . .        a - +0 robe
rPois   .            (no helmet)
rElec   .            (no cloak)
rCorr   .            (no gloves)
SInv    .            (no boots)
Will    .....        (no amulet)
Stlth   ++           (no ring)
HPRegen 0.28/turn    (no ring)
MPRegen 0.12/turn

%: no passive effects
@: no status effects
A: runic magic, artefact enchanting
a: Convert to Beogh


You were on level 3 of the Dungeon.
You visited 1 branch of the dungeon, and saw 3 of its levels.

You collected 166 gold pieces.

Inventory:

Hand Weapons
 e - a +0 short sword
 l - a +0 whip of draining
 o - a +0 hand axe
 p - a +3 dagger (weapon)
Missiles
 j - 6 boomerangs
Armour
 a - a +0 robe (worn)
 r - a +0 ring mail
Wands
 d - a wand of charming (5)
 q - a wand of mindburst (14)
Scrolls
 c - 3 scrolls of identify {unknown}
 f - a scroll of vulnerability {unknown}
 g - 3 scrolls of torment {unknown}
 h - a scroll of fear {unknown}
 i - 2 scrolls of noise {unknown}
 k - 2 scrolls of poison {unknown}
 m - a scroll of teleportation {unknown}
Potions
 b - a potion of magic
 n - a potion of mutation {unknown}


   Skills:
 + Level 2.1 Fighting
 + Level 2.3 Dodging
 + Level 2.4 Stealth
 + Level 2.6 Spellcasting
 + Level 2.2 Conjurations
 + Level 4.7 Fire Magic


You had 4 spell levels left.
You knew the following spells:

 Your Spells              Type           Power      Damage    Failure   Level
a - Foxfire               Conj/Fire      56%        2x1d6     4%          1
b - Scorch                Fire           38%        2d6       3%          2
c - Inner Flame           Hex/Fire       10%        N/A       19%         3

Your spell library contained the following spells:

 Spells                   Type           Power      Damage    Failure   Level
 Magic Dart               Conj           40%        1d5       7%          1
 Volatile Blastmotes      Fire/Tloc      20%        2d11      19%         3
 Blink                    Tloc           4%         N/A       26%         2
 Call Imp                 Summ           4%         N/A       26%         2
 Flame Wave               Conj/Fire      14%        2d6       38%         4


Dungeon Overview and Level Annotations

Branches:
Dungeon (3/15)

Altars:


Innate Abilities, Weirdness & Mutations

Your spellcasting is much less encumbered by armour.
You can use scrolls of enchantment on lesser artefacts.


Message History

The endoplasm is severely wounded.
The endoplasm freezes you.
You are frozen.
You hit the endoplasm.
You kill the endoplasm!
The orc priest mumbles some strange prayers to Beogh against you.
Beogh smites you!
The orc priest threatens, "Beogh's wrath is as vast as their mercy.
Make your choice!" (press Y on the ability menu to convert to Beogh)
The orc attacks as it pursues you! The orc misses you.
The orc attacks as it pursues you! The orc misses you.
The orc attacks as it pursues you! The orc barely misses you.
The orc priest mumbles some strange prayers to Beogh against you.
Beogh smites you!
There is an escape hatch in the ceiling here.
You hit the orc.
The orc is moderately wounded.
The orc closely misses you.
You hit the orc.
The orc is heavily wounded.
The orc hits you with a +0 mace!
You hit the orc.
The orc is severely wounded.
The orc barely misses you. The orc closely misses you.
The orc barely misses you.
You barely miss the orc.
The orc is severely wounded.
The orc closely misses you.
The orc priest looks satisfied for a moment.
The orc hits you with a +1 war axe of flaming.
* * * LOW HITPOINT WARNING * * *
The orc burns you.
* * * LOW HITPOINT WARNING * * *
The orc hits you with a +0 mace.
* * * LOW HITPOINT WARNING * * *
You hit the orc.
You kill the orc!
The orc priest invokes the aid of Beogh against you.
Beogh smites you!
You die...

####... ........#...##........
......o ....###...............
....... . ###...............
....... #...#.#.#.........
.......######.................
.......w........#.#.#.........
.........o............####....
............oo..#.#.#....#....
...........ro@........#....)..
##.....##########...#####.#.##
###### #...# #..... #####
#.#.## #..... #..... #.#...
###### #


You could see an orc priest, a dart slug, 3 orcs and a rat.

Vanquished Creatures
  Sigmund (D:3)
  Jessica (D:3)
  Ijyb (D:3)
  An adder (D:2)
  A dart slug (D:2)
  A ribbon worm (D:2)
  An orc (D:3)
  7 endoplasms
  6 hobgoblins
  3 quokkas
  2 ball pythons
  7 bats
  5 frilled lizards
  3 goblins (D:1)
  6 kobolds
  5 rats
51 creatures vanquished.

Vanquished Creatures (others)
  70 foxfires
70 creatures vanquished.

Grand Total: 121 creatures vanquished

Notes
Turn   | Place    | Note
-------+----------+-------------------------------------------
     0 | D:1      | croobank the Mountain Dwarf Fire Elementalist began the
                  | quest for the Orb.
     0 | D:1      | Reached XP level 1. HP: 14/14 MP: 3/3
   121 | D:1      | Reached skill level 1 in Conjurations
   393 | D:1      | Reached XP level 2. HP: 20/20 MP: 1/4
   926 | D:1      | Learned a level 2 spell: Scorch
  1453 | D:2      | Reached XP level 3. HP: 26/26 MP: 3/6
  1612 | D:2      | Reached skill level 4 in Fire Magic
  2583 | D:3      | Learned a level 3 spell: Inner Flame
  2624 | D:3      | Noticed Sigmund
  2663 | D:3      | Killed Sigmund
  2664 | D:3      | Reached skill level 1 in Fighting
  2664 | D:3      | Reached XP level 4. HP: 22/36 MP: 2/7
  2664 | D:3      | Reached XP level 5. HP: 26/41 MP: 2/8
  2861 | D:3      | Noticed Jessica
  2867 | D:3      | Killed Jessica
  2930 | D:3      | Noticed Ijyb
  2958 | D:3      | Killed Ijyb
  2959 | D:3      | Reached XP level 6. HP: 32/48 MP: 1/10
  3075 | D:3      | Killed from afar by an orc priest

Illustrated notes

Levels and vault maps discovered:
D:1:      lemuel_arrival_hallway, layout_basic
D:2:      minmay_diamond_boxcup, layout_loops_corners
D:3:      minmay_octagon_keep, layout_basic,
          nicolae_wu_jian_immortal_techniques, chequers_ecumenical_altar_simple,
          serial_glass, glass_columns_a, glass_columns_b, uniq_sigmund,
          uniq_ijyb, uniq_pargi, uniq_jessica, uniq_natasha

Skill      XL: |  1  2  3  4  5 |
---------------+----------------+-----
Conjurations   | 1 2 |  2.2
Spellcasting   | 2 |  2.6
Fire Magic     | 4 |  4.7
Fighting       | 1 2 |  2.1
Dodging        | 2 |  2.3
Stealth        | 2 |  2.4

Action                     |  1- 3 |  4- 6 || total
---------------------------+-------+-------++-------
  Melee: Unarmed           |     4 |       ||     4
         Short sword       |    27 |       ||    27
         Dagger            |    16 |    19 ||    35
   Cast: Foxfire           |    43 |     1 ||    44
         Scorch            |    17 |     6 ||    23
         Inner Flame       |     2 |     1 ||     3
  Evoke: Wand              |       |     2 ||     2
    Use: Potion            |     1 |       ||     1
   Stab: Sleeping          |     2 |       ||     2
 Armour: Robe              |    39 |    13 ||    52
  Dodge: Dodged            |    39 |    16 ||    55

Table legend: (Time is in decaauts)
 A = Elapsed time spent in this place.
 B = Non-inter-level travel time spent in this place.
 C = Inter-level travel time spent in this place.
 D = Time resting spent in this place.
 E = Time spent auto-exploring this place.
 F = Levels seen in this place.
 G = Mean time per level.
                   A        B        C        D        E       F      G
               +--------+--------+--------+--------+--------+-----+--------+
         Total |   3073 |   3040 |     33 |    897 |   1469 |   3 | 1024.3 |
       Dungeon |   3073 |   3040 |     33 |    897 |   1469 |   3 | 1024.3 |
               +--------+--------+--------+--------+--------+-----+--------+

Top non-repeatable levels by time:
     D:1: 1309 daAuts
     D:2: 1131 daAuts
     D:3: 632 daAuts
